 Dungeon Crawl Stone Soup version 0.20-a0-641-g673355a (webtiles) character file.

2933 Laan the Destroyer (level 9, -17/45 HPs)
             Began as a Gargoyle Fire Elementalist on Feb 14, 2017.
             Was a Follower of Vehumet.
             Demolished by a two-headed ogre
             ... wielding a cursed +0 giant club
              (25 damage)
             ... on level 8 of the Dungeon.
             The game lasted 00:19:42 (7836 turns).

Laan the Destroyer (Gargoyle Fire Elementalist)     Turns: 7836, Time: 00:19:43

Health: -17/45     AC: 10    Str: 13    XL:     9   Next: 80%
Magic:  10/19      EV: 12    Int: 18    God:    Vehumet [*.....]
Gold:   484        SH:  0    Dex: 10    Spells: 9/22 levels left

rFire    . . .     SeeInvis +   r - +0 halberd
rCold    . . .     Gourm    .   a - +0 robe
rNeg     + . .     Faith    .   (shield currently unavailable)
rPois    ∞         Spirit   .   L - +0 helmet
rElec    +         Reflect  .   k - +0 cloak
rCorr    .         Harm     .   g - +0 pair of gloves
MR       .....                  (no boots)
Stlth    ++........             m - amulet of magic regeneration
Regen    0.2/turn               (no ring)
MPRegen  0.3/turn               u - ring of see invisible

@: very slightly contaminated
A: negative energy resistance 1, electricity resistance, unbreathing,
petrification resistance, rot immunity, AC +5
a: Renounce Religion


You were on level 8 of the Dungeon.
You worshipped Vehumet.
Vehumet was aware of your devotion.
You were not hungry.

You visited 1 branch of the dungeon, and saw 8 of its levels.
You also visited: Ossuary.

You collected 534 gold pieces.
You spent 50 gold pieces at shops.

Inventory:

Hand Weapons
 r - a +0 halberd (weapon)
Armour
 a - a +0 robe (worn)
 g - a +0 pair of gloves (worn)
 k - a +0 cloak (worn)
 L - a +0 helmet (worn)
Jewellery
 m - an amulet of magic regeneration (around neck)
 u - a ring of see invisible (left hand)
 F - an uncursed amulet of guardian spirit
 H - an uncursed amulet of regeneration
Wands
 v - a wand of flame (23/48)
 E - a wand of iceblast (11/15)
Scrolls
 d - 5 scrolls of identify
 h - a scroll of enchant weapon {unknown}
 n - a scroll of random uselessness {unknown}
 o - 3 scrolls of immolation {unknown}
 q - a scroll of blinking {unknown}
 t - 3 scrolls of remove curse {unknown}
 x - a scroll of magic mapping {unknown}
 y - 3 scrolls of fog {unknown}
 B - a scroll of summoning {unknown}
 C - 2 scrolls of recharging {unknown}
 D - 4 scrolls of teleportation {unknown}
 G - 2 scrolls of silence {unknown}
Potions
 e - 3 potions of heal wounds
 f - 2 potions of flight {unknown}
 i - a potion of berserk rage {unknown}
 l - 7 potions of curing
 s - a potion of ambrosia {unknown}
 w - a potion of haste {unknown}
 z - 2 potions of invisibility {unknown}
 A - 2 potions of degeneration {unknown}
 I - a potion of resistance {unknown}
 K - a potion of lignification {unknown}
 N - 2 potions of brilliance {unknown}
Books
 b - a book of Flames

   Spells                             Type                      Level
   a - Flame Tongue                   Conjuration/Fire             1
   b - Throw Flame                    Conjuration/Fire             2
   c - Conjure Flame                  Conjuration/Fire             3
   d - Inner Flame                    Hexes/Fire                   3
   e - Sticky Flame                   Conjuration/Fire             4
   f - Fireball                       Conjuration/Fire             5
Comestibles
 c - 6 bread rations
 j - 5 meat rations
 p - 3 royal jellies
 J - 4 fruits
 M - 4 chunks of flesh


   Skills:
 - Level 1.5 Dodging
 - Level 2.1 Stealth
 + Level 7.2 Spellcasting
 * Level 11.6 Conjurations
 - Level 3.0 Fire Magic


You had 9 spell levels left.
You knew the following spells:

 Your Spells              Type           Power        Failure   Level  Hunger
a - Flame Tongue          Conj/Fire      ####.        1%          1    None
b - Conjure Flame         Conj/Fire      ####....     1%          3    #......
c - Sticky Flame          Conj/Fire      ####....     6%          4    ###....
d - Fireball              Conj/Fire      ####......   17%         5    #####..


Dungeon Overview and Level Annotations

Branches:
Dungeon (8/15)             Temple (0/1) D:7
   Lair: D:8-11

Altars:
Cheibriados
Elyvilon
Hepliaklqana
Sif Muna
Vehumet
Xom
Zin

Shops:
D:4 !   D:5 %   D:7 }


Innate Abilities, Weirdness & Mutations

You are resistant to torment.
Your stone body is resilient. (AC +5)
You are immune to poison.
You resist negative energy. (rN+)
You are resistant to electric shocks. (rElec)
You can survive without breathing.
You are immune to petrification.
You are immune to rotting.


Message History

Confirm with . or Enter, or press ? or * to list all spells.
Aiming: Sticky Flame
Press: ? - help, Shift-Dir - straight line, f/p - two-headed ogre
Aim: a two-headed ogre, wielding two giant clubs (moderately wounded)
You miscast Sticky Flame.
You are very lightly contaminated with residual magic.
Lukewarm flames ripple over your body.
The two-headed ogre hits you with a giant club!!
Ouch! That really hurt!
The two-headed ogre hits you with a giant club!
* * * LOW HITPOINT WARNING * * *
Casting: Sticky Flame
Confirm with . or Enter, or press ? or * to list all spells.
Aiming: Sticky Flame
Press: ? - help, Shift-Dir - straight line, f/p - two-headed ogre
Aim: a two-headed ogre, wielding two giant clubs (moderately wounded)
You miscast Sticky Flame.
You smell smoke.
The two-headed ogre hits you with a giant club!!
Ouch! That really hurt!
You die...

..# #.# #.# # # #.#
#.#####.# #.#
#.......###.## #O#
#...### ##@## #....<#
####...## #...#.####
#.......####.......#
#........# #...†...###
#........###..........
.............<......##.
#.#.#................#.#
#.#.#..).#####.......#.#
# #.#... .........#.#


You could see a two-headed ogre.

Vanquished Creatures
  A hippogriff (D:7)
  A wyvern (D:8)
  A hungry ghost (D:8)
  A black bear (D:6)
  A sky beast (D:6)
  2 ice beasts
  3 ogres
  2 phantoms
  A necrophage (D:7)
  A centaur (D:4)
  2 bullfrogs
  3 scorpions
  A wight (D:5)
  4 crimson imps
  2 jellies
  An orc priest (D:3)
  6 hounds
  6 orc wizards
  A bullfrog skeleton (D:4)
  3 centaur skeletons
  2 iguanas
  6 worker ants
  A big kobold zombie (Ossuary)
  3 mummies (Ossuary)
  7 gnolls
  8 adders
  A shadow imp (D:4)
  2 adder zombies (Ossuary)
  An adder skeleton (D:5)
  3 worms
  3 dart slugs
  5 leopard geckos
  24 orcs
  5 giant cockroaches
  A gnoll zombie (Ossuary)
  6 goblins
  8 hobgoblins
  11 kobolds
  3 quokkas
  A ball python skeleton (D:4)
  3 bats
  3 frilled lizards
  2 goblin zombies (Ossuary)
  A hobgoblin zombie (Ossuary)
  A jackal zombie (D:5)
  4 kobold zombies (Ossuary)
  A leopard gecko zombie (D:6)
  An orc zombie (Ossuary)
  6 quokka zombies
  5 rats
  A rat zombie (Ossuary)
172 creatures vanquished.

Notes
Turn   | Place    | Note
-------+----------+-------------------------------------------
     0 | D:1      | Laan the Gargoyle Fire Elementalist began the quest for the Orb.
     0 | D:1      | Reached XP level 1. HP: 10/10 MP: 3/3
   296 | D:1      | Reached XP level 2. HP: 4/15 MP: 0/5
   781 | D:1      | Reached skill level 2 in Conjurations
  1095 | D:2      | Reached XP level 3. HP: 19/19 MP: 0/6
  1255 | D:2      | Reached skill level 3 in Conjurations
  1367 | D:2      | Found a white marble altar of Elyvilon.
  1480 | D:1      | Reached XP level 4. HP: 14/24 MP: 1/8
  1769 | D:2      | Learned a level 3 spell: Conjure Flame
  1774 | D:2      | Learned a level 4 spell: Sticky Flame
  1927 | D:2      | Found a deep blue altar of Sif Muna.
  2032 | D:2      | Reached skill level 4 in Conjurations
  2333 | D:3      | Reached XP level 5. HP: 28/28 MP: 4/10
  3085 | D:4      | Reached skill level 5 in Conjurations
  3085 | D:4      | Reached XP level 6. HP: 32/32 MP: 6/11
  3191 | D:4      | Found a sand-covered staircase.
  3201 | Ossuary  | Entered an ossuary
  3608 | D:4      | Reached skill level 6 in Conjurations
  3608 | D:4      | Reached XP level 7. HP: 36/36 MP: 8/13
  3933 | D:4      | Found Gasias's Distillery.
  3941 | D:4      | Bought a potion of heal wounds for 50 gold pieces
  3995 | D:4      | Reached skill level 7 in Conjurations
  4354 | D:4      | Reached skill level 5 in Spellcasting
  4363 | D:4      | Reached XP level 8. HP: 39/41 MP: 9/15
  4532 | D:5      | Entered Level 5 of the Dungeon
  4634 | D:5      | Found a radiant altar of Vehumet.
  4634 | D:5      | Found a white marble altar of Elyvilon.
  4641 | D:5      | Learned a level 5 spell: Fireball
  4645 | D:5      | Found a glowing silver altar of Zin.
  4648 | D:5      | Became a worshipper of Vehumet
  4651 | D:5      | Found a hazy altar of Hepliaklqana.
  4653 | D:5      | Found a faded altar of an unknown god.
  4963 | D:5      | Reached skill level 8 in Conjurations
  5332 | D:5      | Found Xigenara's Food Shop.
  5415 | D:5      | Reached skill level 9 in Conjurations
  5539 | D:6      | Reached * piety under Vehumet
  5539 | D:6      | Offered knowledge of Shock by Vehumet.
  5613 | D:6      | Found a snail-covered altar of Cheibriados.
  5684 | D:6      | Found a glowing silver altar of Zin.
  6000 | D:6      | Reached XP level 9. HP: 45/45 MP: 13/18
  6034 | D:6      | Got a shimmering robe
  6035 | D:6      | Identified the cursed +1 robe of Truth {+Fly} (You found it on level 6 of the Dungeon)
  6260 | D:7      | Found a shimmering altar of Xom.
  6304 | D:7      | Reached skill level 10 in Conjurations
  6379 | D:7      | Found a staircase to the Ecumenical Temple.
  7141 | D:7      | Reached skill level 11 in Conjurations
  7228 | D:7      | Found Dageih's Gadget Shoppe.
  7831 | D:8      | Noticed a two-headed ogre
  7836 | D:8      | Demolished by a two-headed ogre

Vault maps used:
D:1:      zaba_arrival_water, minmay_box_of_dots
D:2:      led_sif_pool, elyvilon_altar_5
D:3:      first_bread, kennysheep_cross_room
D:4:      enter_ossuary_1, serial_shops, shop, wad_floor_pattern_2
D:5:      chequers_temple_overflow_minitemple, serial_shops, nicolae_shop_stone
D:6:      kennysheep_slug_shrine, basic_altar
D:7:      overflow_temple_1_default, minmay_temple_entry_glass, serial_shops,
          kennysheep_little_box
D:8:      basic_altar
Ossuary:  ossuary_minmay_chase

Skill      XL: |  1  2  3  4  5  6  7  8  9 |
---------------+----------------------------+-----
Conjurations   | 2 3 4 5 6 7 9 11 | 11.6
Spellcasting   | 3 4 5 6 7 |  7.2
Dodging        | |  1.5
Stealth        | |  2.1
Fire Magic     | |  3.0

Action                   |  1- 3 |  4- 6 |  7- 9 || total
-------------------------+-------+-------+-------++-------
Melee: Unarmed           |    64 |       |       ||    64
       Halberd           |       |    29 |   336 ||   365
 Cast: Flame Tongue      |    53 |   121 |   279 ||   453
       Sticky Flame      |       |       |     2 ||     2
       Conjure Flame     |       |       |     1 ||     1
  Use: Scroll            |       |       |     3 ||     3
       Potion            |       |       |     1 ||     1
  Eat: Chunk             |     2 |     6 |    16 ||    24
Armor: Robe              |    33 |    30 |   215 ||   278
Dodge: Dodged            |    59 |    28 |   288 ||   375
